[Event "Team 45 45 League T50"]
[Site "Internet Chess Club"]
[Date "2011.09.12"]
[Round "5"]
[White "jjaillet2007"]
[Black "tamky70"]
[Result "0-1"]
[WhiteElo "1311"]
[BlackElo "1391"]
[Opening "Modern defense"]
[ECO "A42"]
[Time "22:00:20"]
[TimeControl "2700+45"]

1. d4 d6 2. c4 g6 3. Nc3 Bg7 4. Nf3 Nc6 5. d5 Ne5 6. Nxe5 Bxe5 7. Bd2 Bg7 8. e4
Nf6 9. Bd3 Nd7 10. O-O Ne5 11. Be2 O-O 12. f4 Nd7 13. f5 Ne5 14. Bf4 f6 15. fxg6
Nxg6 16. Bc1 f5 17. exf5 Rxf5 18. Bd3 Rxf1+ 19. Qxf1 Qf8 20. Bxg6 Bd4+ 21. Be3
Bxe3+ 22. Kh1 Qxf1+ 23. Rxf1 hxg6 24. Ne4 Bf5 25. Ng3 Rf8 26. Nxf5 Rxf5 27. Rxf5
gxf5 28. h4 Kg7 29. Kh2 Kh6 30. g3 Kh5 31. Kg2 Kg4 32. b4 f4 33. gxf4 Bxf4 34.
h5 Kxh5 35. Kf3 Be5 36. Ke4 Kg5 37. c5 Kf6 38. c6 b6 39. a4 Bc3 40. b5 Bb4 41.
Kd4 Kf5 42. Kc4 Bc5 43. a5 Ke4 44. axb6 Bxb6 45. Kb4 Kxd5 46. Kc3 Ke4 47. Kd2 e5
48. Ke2 d5 49. Kd2 Kf3 50. Kd3 e4+ 51. Kd2 Kf2 52. Kd1 e3 53. Kc2 e2 54. Kd3
e1=Q 55. Kc2 Qe4+ 56. Kb3 Qc4+ 57. Kb2 Ke2 58. Ka3 d4 59. Kb2 d3 60. Ka3 Bc5+
61. Kb2 d2 62. Ka1 Bd4+ 63. Kb1 d1=R# {White checkmated} 0-1

[Event "Team 45 45 League T50"]
[Site "Internet Chess Club"]
[Date "2011.09.09"]
[Round "5"]
[White "houseofcook"]
[Black "Aquaman"]
[Result "1-0"]
[WhiteElo "1437"]
[BlackElo "1252"]
[Opening "QP counter-gambit (elephant gambit)"]
[ECO "C40"]
[Time "15:00:29"]
[TimeControl "2700+45"]

1. e4 e5 2. Nf3 d5 3. d4 dxe4 4. Nxe5 Bd6 5. Nc3 Nf6 6. Bc4 O-O 7. O-O Nbd7 8.
Bf4 Qe8 9. Nxd7 Bxd7 10. Be3 Ng4 11. h3 Nf6 12. Qd2 Bf5 13. Nb5 a6 14. Nxd6 cxd6
15. d5 Qd7 16. Bb3 b5 17. a4 Ne8 18. axb5 a5 19. Rxa5 Rxa5 20. Qxa5 Nf6 21. Ra1
Bxh3 22. gxh3 Qxh3 23. Qe1 Ng4 24. Bf4 Nf6 25. Bg3 h5 26. Qf1 Qg4 27. Qg2 Rd8
28. Bh2 Qe2 29. Qf1 Qg4+ 30. Kh1 Qf3+ 31. Qg2 Qf5 32. b6 Qd7 33. Ra7 Qb5 34. b7
Qb6 35. Ra8 Qc7 36. Rxd8+ Qxd8 37. Ba4 Qb6 38. Bc6 Qxb2 39. Bxd6 Qb1+ 40. Qg1
Qxc2 41. b8=Q+ Kh7 42. Qb5 Ng4 43. Bg3 e3 44. Qbb1 Qxb1 45. Qxb1+ g6 46. fxe3
{Black resigns} 1-0

[Event "Team 45 45 League T50"]
[Site "Internet Chess Club"]
[Date "2011.09.11"]
[Round "5"]
[White "theartist"]
[Black "dabodhi"]
[Result "0-1"]
[WhiteElo "1203"]
[BlackElo "1222"]
[Opening "Queen's Indian: Nimzovich variation (exaggerated fianchetto)"]
[ECO "E15"]
[Time "14:01:49"]
[TimeControl "2700+45"]

1. d4 Nf6 2. c4 e6 3. Nf3 b6 4. g3 Ba6 5. b3 d5 6. Qc2 c5 7. e3 Nc6 8. Bg2 Nb4
9. Qc3 Ne4 10. Qb2 Nd3+ {White resigns} 0-1

[Event "Team 45 45 League T50"]
[Site "Internet Chess Club"]
[Date "2011.09.12"]
[Round "5"]
[White "bhandelman"]
[Black "Docvan"]
[Result "1-0"]
[WhiteElo "1110"]
[BlackElo "1110"]
[Opening "French defense"]
[ECO "C00"]
[Time "21:00:31"]
[TimeControl "2700+45"]

1. e4 e6 2. Nc3 Bb4 3. Nf3 d5 4. Bd3 Bxc3 5. bxc3 c5 6. Bb5+ Bd7 7. Rb1 dxe4 8.
Ne5 Nf6 9. Ba3 Qc7 10. Ng4 Nxg4 11. Qxg4 O-O 12. Qxe4 a6 13. Bd3 f5 14. Qxb7 Qc6
15. Qxc6 Bxc6 16. O-O Nd7 17. Bc4 Rf6 18. Rfe1 Bd5 19. Bxd5 exd5 20. Re7 Rb8 21.
Rxb8+ Nxb8 22. Re8+ Rf8 23. Rxf8+ Kxf8 24. Bxc5+ Kf7 25. d3 Nd7 26. Bd4 a5 27.
c4 dxc4 28. dxc4 g6 29. a4 Ke7 30. c5 Kd8 31. c6 Nf8 32. Bb6+ Kc8 33. Bxa5 Ne6
34. Bb6 f4 35. a5 Nc7 36. f3 Na8 37. g3 g5 38. Kg2 Nc7 39. Kh3 Kb8 40. Kg4 Ne6
41. Kf5 Nc7 42. Kxg5 Nb5 43. gxf4 Nc7 44. f5 Ne8 45. f6 {Black resigns} 1-0

[Event "Team 45 45 League T50"]
[Site "Internet Chess Club"]
[Date "2011.09.10"]
[Round "5"]
[White "guyd52"]
[Black "kid6988"]
[Result "0-1"]
[WhiteElo "1272"]
[BlackElo "1528"]
[Opening "Réti: King's Indian attack"]
[ECO "A05"]
[Time "18:00:26"]
[TimeControl "2700+45"]

1. Nf3 Nf6 2. g3 g6 3. Bg2 Bg7 4. d3 O-O 5. O-O Nc6 6. Nbd2 d5 7. b3 Ne4 8. Rb1
Nc3 9. Qe1 Nxb1 10. Nxb1 Re8 11. Bg5 h6 12. Bf4 e5 13. Bc1 e4 14. Nfd2 exd3 15.
cxd3 Nd4 16. Nc3 c6 17. Qd1 Qb6 18. e3 Nxb3 19. d4 Nxc1 20. Qxc1 Bf5 21. Nb3
Rad8 22. Qd2 Qc7 23. Nc5 b6 24. Nd3 Qb7 25. Nf4 b5 26. h4 h5 27. Bf3 Qa6 28. Bd1
Bh6 29. Nd3 Bxd3 30. Qxd3 Qc8 31. Kg2 Qe6 32. Bf3 a5 33. a3 a4 34. Na2 Rc8 35.
Nb4 Qd6 36. Na6 Bf8 37. Rb1 Qxa3 38. Qxa3 Bxa3 39. Nc5 Bxc5 40. dxc5 Ra8 41. Bd1
a3 42. Ra1 b4 43. Bb3 Ra5 44. Rb1 a2 45. Ra1 Rea8 46. Kf3 Ra3 47. Bxa2 Rxa2 48.
Rb1 Rb8 49. Rb3 Ra3 50. Rb2 b3 51. e4 dxe4+ 52. Kxe4 Ra2 53. Rb1 b2 54. f4 Ra1
55. Rxb2 Rxb2 56. Ke5 Rb5 57. Kd6 Ra6 58. Kc7 Rxc5 59. Kb7 Raa5 60. Kb6 Rd5 61.
Kxc6 Rac5+ 62. Kb6 Rc1 63. Kb7 Rb5+ 64. Ka6 Rb2 65. Ka5 Ra1# {White checkmated}
0-1

[Event "Team 45 45 League T50"]
[Site "Internet Chess Club"]
[Date "2011.09.10"]
[Round "5"]
[White "kingsleywang"]
[Black "carolinaknight"]
[Result "1/2-1/2"]
[WhiteElo "1299"]
[BlackElo "1233"]
[Opening "French: advance variation"]
[ECO "C02"]
[Time "20:00:26"]
[TimeControl "2700+45"]

1. e4 e6 2. d4 d5 3. e5 c5 4. c3 Qb6 5. Nf3 Nc6 6. a3 cxd4 7. cxd4 Nge7 8. Bd3
Bd7 9. Bc2 Nf5 10. Bxf5 exf5 11. Nc3 h6 12. Nxd5 Qa5+ 13. Nc3 Be7 14. Bd2 Qc7
15. Nd5 Qd8 16. Nxe7 Nxe7 17. Qb3 Rb8 18. Rc1 Be6 19. Qb5+ Bd7 20. Qc5 b6 21.
Qc7 a5 22. Qxd8+ Rxd8 23. O-O O-O 24. Rfe1 Bc6 25. Bc3 Rc8 26. Nd2 Nd5 27. Kf1
Nf4 28. Re3 Bb5+ 29. Kg1 Ne2+ 30. Rxe2 Bxe2 31. a4 Ba6 32. Nf3 Bb7 33. Nh4 f4
34. Nf5 Rc7 35. Bd2 Rxc1+ 36. Bxc1 Be4 37. Ne7+ Kh7 38. Bxf4 Bc2 39. d5 Bxa4 40.
e6 fxe6 41. Bc7 Bb3 42. dxe6 Bxe6 43. Bxb6 a4 44. Bc5 Rc8 45. Nxc8 Bxc8 46. Kf1
Kg8 47. Ke2 Kf7 48. Ke3 Bb7 49. g3 Ke6 50. Bd4 g6 51. Kf4 Bd5 52. h4 Kf7 53. Ke5
Be6 54. f4 h5 55. Kd6 Bf5 56. Ke5 Be6 57. Ke4 Bd7 58. Ke5 Be6 59. Kd6 Bf5 60.
Ke5 Be6 {Game drawn by repetition} 1/2-1/2

[Event "Team 45 45 League T50"]
[Site "Internet Chess Club"]
[Date "2011.09.10"]
[Round "5"]
[White "wekabird"]
[Black "Deadly-Spike"]
[Result "0-1"]
[WhiteElo "1165"]
[BlackElo "1286"]
[Opening "English opening"]
[ECO "A21"]
[Time "20:00:39"]
[TimeControl "2700+45"]

1. c4 e5 2. Nc3 d6 3. e4 Nf6 4. h3 Be7 5. Nf3 O-O 6. g3 Nc6 7. d3 Nd4 8. Bg2 Be6
9. O-O Qd7 10. Kh2 h6 11. a3 a6 12. b4 b5 13. cxb5 axb5 14. Nxd4 exd4 15. Ne2 c5
16. e5 Nd5 17. exd6 Bxd6 18. bxc5 Bxc5 19. Bb2 Qa7 20. Nf4 Qd7 21. Nxe6 Qxe6 22.
Re1 Qd7 23. Qb3 Rad8 24. Bxd5 Qxd5 25. Qxb5 Rb8 26. Qc4 Qxc4 27. dxc4 Rxb2 28.
a4 Rxf2+ 29. Kh1 Rc2 30. Rec1 Rxc1+ 31. Rxc1 Ra8 32. Ra1 f5 33. a5 Kf7 34. a6
Ke6 35. Ra5 Bb6 36. c5 Bxa5 {White resigns} 0-1

[Event "Team 45 45 League T50"]
[Site "Internet Chess Club"]
[Date "2011.09.10"]
[Round "5"]
[White "XGG123"]
[Black "WilmaP"]
[Result "0-1"]
[WhiteElo "1136"]
[BlackElo "1101"]
[Opening "French: Labourdonnais variation"]
[ECO "C00"]
[Time "14:00:40"]
[TimeControl "2700+45"]

1. e4 e6 2. f4 d5 3. exd5 exd5 4. Be2 Ne7 5. Nc3 g6 6. Bf3 c6 7. d4 Bg7 8. Be3
Nf5 9. Bf2 O-O 10. Nge2 Re8 11. Qd3 Bh6 12. O-O-O b6 13. g4 Ba6 14. Qd2 Nd6 15.
f5 Bxd2+ 16. Rxd2 Nc4 17. Rdd1 Nd6 18. fxg6 fxg6 19. Be3 Rxe3 20. Bg2 Bxe2 21.
Rhe1 Bxd1 22. Rxe3 Qg5 23. Nxd1 Nd7 24. Kb1 Qxg4 25. Bf3 Qxd4 26. Rd3 Qg7 27.
Rc3 Ne5 28. Nf2 Re8 29. a3 a5 30. b4 Nb5 31. Re3 Qh6 {White forfeits on time}
0-1

[Event "Team 45 45 League T50"]
[Site "Internet Chess Club"]
[Date "2011.09.11"]
[Round "5"]
[White "mattphelps"]
[Black "wildcat2023"]
[Result "1-0"]
[WhiteElo "1301"]
[BlackElo "1314"]
[Opening "Queen's gambit declined"]
[ECO "D30"]
[Time "19:03:09"]
[TimeControl "2700+45"]

1. d4 d5 2. c4 e6 3. Nf3 Nc6 4. e3 Nf6 5. Nc3 Bb4 6. Be2 Ne4 7. Qc2 e5 8. Nxe5
Nxe5 9. dxe5 Bf5 10. Qa4+ c6 11. Qxb4 Nxc3 12. Qxc3 O-O 13. O-O Re8 14. Rd1 Be6
15. b3 Qg5 16. e4 Qg6 17. exd5 cxd5 18. cxd5 Rac8 19. Qd3 Qxd3 20. Rxd3 Bf5 21.
Re3 Rcd8 22. Bf3 a5 23. Bb2 g5 24. h3 Rc8 25. Rc1 Rxc1+ 26. Bxc1 Rc8 27. Re1 b5
28. Bxg5 b4 29. e6 fxe6 30. dxe6 Kf8 31. e7+ Ke8 32. Bh5+ Bg6 33. Bxg6+ hxg6 34.
Re6 Kf7 35. e8=Q+ Rxe8 36. Rxe8 Kxe8 37. g4 Kf7 38. h4 Ke6 39. h5 gxh5 40. gxh5
Kf5 41. h6 Kg6 42. Kg2 Kh7 43. Kf3 Kg6 44. Kf4 Kh7 45. f3 Kg6 46. Ke5 Kh7 47.
Ke6 Kg6 48. f4 Kh7 49. f5 Kg8 50. Ke7 Kh7 51. f6 Kg8 52. f7+ Kh8 53. f8=Q+ Kh7
54. Qg7# {Black checkmated} 1-0

[Event "Team 45 45 League T50"]
[Site "Internet Chess Club"]
[Date "2011.09.12"]
[Round "5"]
[White "Nosaj"]
[Black "sockmonkey"]
[Result "0-1"]
[WhiteElo "1325"]
[BlackElo "1266"]
[Opening "Caro-Kann: classical variation"]
[ECO "B18"]
[Time "07:30:04"]
[TimeControl "2700+45"]

1. e4 c6 2. d4 d5 3. Nc3 dxe4 4. Nxe4 Bf5 5. Ng5 h6 6. Qf3 e6 7. Ne4 Qxd4 8. Bd3
Nf6 9. Ne2 Qe5 10. Bf4 Qxb2 11. O-O Nxe4 12. Bxe4 Bxe4 13. Qxe4 Be7 14. Qf3 Qxc2
15. Rfc1 Qf5 16. Ng3 Qd5 17. Ne4 O-O 18. Bxh6 gxh6 19. Qg4+ Kh8 20. Rd1 Qf5 21.
Qe2 Rd8 22. Qb2+ f6 23. Rxd8+ Bxd8 24. Rd1 Bb6 25. Re1 Nd7 26. Nd6 Qa5 27. Nf7+
Kg7 28. Qe2 {White resigns} 0-1

[Event "Team 45 45 League T50"]
[Site "Internet Chess Club"]
[Date "2011.09.09"]
[Round "5"]
[White "tc622"]
[Black "joshq03"]
[Result "1-0"]
[WhiteElo "1231"]
[BlackElo "1230"]
[Opening "Sicilian: Labourdonnais-Löwenthal (Kalashnikov) variation"]
[ECO "B32"]
[Time "21:02:46"]
[TimeControl "2700+45"]

1. e4 c5 2. Nf3 Nc6 3. d4 cxd4 4. Nxd4 e5 5. Nb5 d6 6. Be3 Qa5+ 7. Qd2 Qxd2+ 8.
Nxd2 Nf6 9. Nc7+ Kd8 10. Nxa8 Nb4 11. Bd3 d5 12. a3 dxe4 13. Nxe4 Nxd3+ 14. cxd3
Nxe4 15. dxe4 Be7 16. Rd1+ Bd7 17. Bxa7 Bg5 18. Nb6 Ke7 19. Nxd7 Rc8 20. O-O Rc2
21. b4 Bd2 22. Nxe5 Ke6 23. Nf3 Bf4 24. Nd4+ {Black resigns} 1-0

[Event "Team 45 45 League T50"]
[Site "Internet Chess Club"]
[Date "2011.09.13"]
[Round "5"]
[White "dc9999"]
[Black "artspir"]
[Result "0-1"]
[WhiteElo "1158"]
[BlackElo "1117"]
[Opening "Caro-Kann: exchange variation"]
[ECO "B13"]
[Time "20:02:46"]
[TimeControl "2700+45"]

1. e4 c6 2. d4 d5 3. exd5 cxd5 4. Bb5+ Bd7 5. Bxd7+ Qxd7 6. Nc3 e6 7. Nf3 Bd6 8.
Ne5 Qe7 9. O-O Nc6 10. Bf4 Bxe5 11. Bxe5 Nf6 12. Qf3 Nxe5 13. dxe5 Nd7 14. Qg3
O-O 15. b4 Qxb4 16. Rab1 Qc4 17. Rxb7 Rfd8 18. Rb2 Qd4 19. Re1 Rac8 20. Nb5 Qxb2
21. Nd6 Rc3 22. Qf4 Rf8 23. Re3 Qc1+ 24. Re1 Qxe1# {White checkmated} 0-1

[Event "Team 45 45 League T50"]
[Site "Internet Chess Club"]
[Date "2011.09.09"]
[Round "5"]
[White "Kristian1974"]
[Black "Cadaz"]
[Result "0-1"]
[WhiteElo "1600"]
[BlackElo "1560"]
[Opening "Sicilian: Najdorf, 6...e6"]
[ECO "B95"]
[Time "14:30:08"]
[TimeControl "2700+45"]

1. e4 c5 2. Nf3 d6 3. d4 cxd4 4. Nxd4 Nf6 5. Nc3 a6 6. Bg5 e6 7. Bd3 Nc6 8. Nf3
Be7 9. O-O O-O 10. Qe2 Qc7 11. Rad1 h6 12. Bf4 e5 13. Be3 Be6 14. h3 b5 15. a4
b4 16. Nb1 Rfb8 17. Bxa6 Nxe4 18. Nbd2 Nxd2 19. Bxd2 e4 20. Ne1 d5 21. Be3 f5
22. Bb5 Bf6 23. b3 Rc8 24. g3 Ne7 25. Bd4 Bxd4 26. Rxd4 f4 27. g4 Qc3 28. Rd3
Qf6 29. Rd1 f3 30. Qe3 Ng6 31. Kh2 Nf4 32. Nxf3 Rc3 33. Qd2 Rxf3 34. Rh1 Qh4 35.
Bf1 Rxf2+ 36. Qxf2 Qxf2+ 37. Bg2 Qxg2# {White checkmated} 0-1

[Event "Team 45 45 League T50"]
[Site "Internet Chess Club"]
[Date "2011.09.09"]
[Round "5"]
[White "mrneale"]
[Black "doublepar"]
[Result "1-0"]
[WhiteElo "1508"]
[BlackElo "1452"]
[Opening "Polish (Sokolsky) opening"]
[ECO "A00"]
[Time "19:09:59"]
[TimeControl "2700+45"]

1. b4 e5 2. Bb2 Bxb4 3. Bxe5 Nf6 4. e3 O-O 5. c4 Re8 6. Bb2 d5 7. Nf3 Nc6 8.
cxd5 Nxd5 9. Be2 b6 10. O-O Bb7 11. d4 Qd7 12. Bb5 Bd6 13. Ne5 Bxe5 14. dxe5 Qe6
15. Qb3 Rad8 16. Nc3 Qxe5 17. Nxd5 Qxd5 18. Qxd5 Rxd5 19. Bc4 Rdd8 20. Rac1 Na5
21. Bb5 c6 22. Ba4 Rd2 23. Rc2 Red8 24. Bc3 Rd1 25. Rc1 Rxf1+ 26. Rxf1 b5 27.
Bxa5 Rd3 28. Rd1 {Black resigns} 1-0

[Event "Team 45 45 League T50"]
[Site "Internet Chess Club"]
[Date "2011.09.10"]
[Round "5"]
[White "justice02"]
[Black "rahulr"]
[Result "1-0"]
[WhiteElo "1814"]
[BlackElo "1666"]
[Opening "King's Indian, 3.Nf3"]
[ECO "E60"]
[Time "21:02:34"]
[TimeControl "2700+45"]

1. Nf3 Nf6 2. c4 g6 3. d4 c5 4. Nc3 e6 5. Bg5 Bg7 6. e3 cxd4 7. exd4 O-O 8. Be2
Re8 9. O-O d5 10. cxd5 exd5 11. Qb3 Nc6 12. Bb5 a6 13. Bd3 Bg4 14. Qxb7 Na5 15.
Bxf6 Bxf6 16. Qxd5 Bxf3 17. Qxf3 Bxd4 18. Rac1 Rb8 19. b3 Nxb3 20. axb3 Rxb3 21.
Bc4 Ra3 22. Bxf7+ Kh8 23. Bxe8 Qxe8 24. Rfe1 Qc8 25. Nd5 Qxc1 26. Qf8# {Black
checkmated} 1-0

[Event "Team 45 45 League T50"]
[Site "Internet Chess Club"]
[Date "2011.09.10"]
[Round "5"]
[White "Zugzwanged"]
[Black "elessar"]
[Result "1/2-1/2"]
[WhiteElo "1619"]
[BlackElo "1593"]
[Opening "Caro-Kann: advance variation"]
[ECO "B12"]
[Time "14:00:31"]
[TimeControl "2700+45"]

1. e4 c6 2. d4 d5 3. e5 Bf5 4. h4 h5 5. c4 e6 6. Nc3 Be7 7. cxd5 exd5 8. Nf3 Bg4
9. g3 Qd7 10. Be2 Na6 11. Ng5 Bxe2 12. Qxe2 Bxg5 13. Bxg5 Ne7 14. O-O-O O-O-O
15. Rhe1 Nc7 16. Kb1 Rde8 17. Rc1 Ne6 18. Be3 Kb8 19. Na4 Nc8 20. Nc5 Nxc5 21.
Rxc5 Nb6 22. Bf4 Ka8 23. b3 Re6 24. Rec1 Qe7 25. Qb2 Nd7 26. R5c2 Nb6 27. Qc3
Nd7 28. Qa5 Rc8 29. Bd2 Qd8 30. Qa3 Qb6 31. Qa4 Qa6 32. Qxa6 bxa6 33. Bb4 Kb7
34. Bd6 Nb6 35. f4 g6 36. Rg2 Rh8 37. Rf2 Nc8 38. Bb4 Ne7 39. Bxe7 Rxe7 40. f5
Rg8 41. Rfc2 Rc7 42. f6 Re8 43. b4 Kb6 44. Kb2 Re6 45. Rg2 Rc8 46. g4 hxg4 47.
Rxg4 Rh8 48. Kb3 Kc7 49. a4 Kd7 50. Rc5 Rb8 51. h5 gxh5 52. Rh4 Rh8 53. Ra5 Ree8
54. Rxa6 Rc8 55. Rxa7+ Rc7 56. Rxc7+ Kxc7 57. Kc3 Kd7 58. b5 cxb5 59. axb5 Kc7
60. Kb3 Kb6 61. Kb4 Rc8 62. Rxh5 Rc4+ 63. Kb3 Rxd4 64. Rh7 Re4 65. Rxf7 Rxe5 66.
Rf8 Rf5 67. f7 Rf3+ 68. Kb4 Rf4+ 69. Kc3 Kb7 70. b6 Rf6 71. Kd4 Rxb6 72. Kxd5
Rf6 73. Ke5 Rf1 74. Ke6 Re1+ 75. Kd6 Rd1+ 76. Ke5 Re1+ 77. Kf6 Rf1+ 78. Kg7 Rg1+
79. Kf6 Rf1+ 80. Ke5 Re1+ 81. Kf4 Rf1+ 82. Ke3 Rf6 {Game drawn by mutual
agreement} 1/2-1/2

[Event "Team 45 45 League T50"]
[Site "Internet Chess Club"]
[Date "2011.09.09"]
[Round "5"]
[White "ScotchYeti"]
[Black "MasterOfTheKeys"]
[Result "0-1"]
[WhiteElo "1590"]
[BlackElo "1611"]
[Opening "Sicilian: Najdorf, 7...Be7 main line"]
[ECO "B99"]
[Time "15:06:22"]
[TimeControl "2700+45"]

1. e4 c5 2. Nf3 d6 3. d4 cxd4 4. Nxd4 Nf6 5. Nc3 a6 6. Bg5 e6 7. f4 Be7 8. Qf3
Nbd7 9. O-O-O Qc7 10. Bd3 b5 11. Rhe1 Bb7 12. Qg3 Nb6 13. e5 dxe5 14. fxe5 Nfd5
15. Nxd5 Nxd5 16. Bxe7 Nxe7 17. Qxg7 Rg8 18. Qxh7 O-O-O 19. Be4 Bxe4 20. Qxe4
Kb8 21. Rd3 Rd5 22. g3 Rgd8 23. Kb1 Ng6 24. Nf3 Rxd3 25. Qa8+ {White resigns}
0-1

[Event "Team 45 45 League T50"]
[Site "Internet Chess Club"]
[Date "2011.09.10"]
[Round "5"]
[White "Virtuose"]
[Black "Gilguli"]
[Result "1-0"]
[WhiteElo "1252"]
[BlackElo "1406"]
[Opening "Sicilian: Smith-Morra gambit"]
[ECO "B21"]
[Time "12:27:40"]
[TimeControl "2700+45"]

1. e4 c5 2. d4 cxd4 3. Qxd4 Nc6 4. Qe3 Nf6 5. Bb5 a6 6. Ba4 b5 7. Bb3 Bb7 8. h3
e5 9. Nf3 Bb4+ 10. Nbd2 d6 11. a3 Bc5 12. Qg5 O-O 13. Nh4 Nd4 14. Nf5 Nxf5 15.
exf5 Bxf2+ 16. Kxf2 Qb6+ 17. Qe3 Qxe3+ 18. Kxe3 Bxg2 19. Rh2 Bb7 20. Nf3 Rac8
21. c3 Rc7 22. Bd2 Nd5+ 23. Bxd5 Bxd5 24. Rg1 a5 25. h4 Rfc8 26. h5 b4 27. axb4
axb4 28. Rhg2 f6 29. h6 bxc3 30. Rxg7+ Rxg7 31. Rxg7+ Kh8 32. Bxc3 Bxf3 33. Kxf3
d5 34. Rd7 d4 35. Ba5 Kg8 36. Kf2 Rc2+ 37. Kf3 Rxb2 38. Rd8+ Kf7 39. Rd7+ Kg8
40. Rd8+ Kf7 41. Rd7+ Kg8 42. Bd8 Rb3+ 43. Ke4 Re3+ 44. Kd5 Rh3 45. Bxf6 d3 46.
Rg7+ Kf8 47. Rg2 Rg3 48. Rxg3 d2 49. Rd3 e4 {Black resigns} 1-0

[Event "Team 45 45 League T50"]
[Site "Internet Chess Club"]
[Date "2011.09.09"]
[Round "5"]
[White "The-Capitalist"]
[Black "Cicero"]
[Result "1-0"]
[WhiteElo "1357"]
[BlackElo "1320"]
[Opening "Sicilian: accelerated fianchetto, Maróczy bind"]
[ECO "B36"]
[Time "11:00:30"]
[TimeControl "2700+45"]

1. e4 c5 2. Nf3 g6 3. d4 cxd4 4. Nxd4 Nc6 5. c4 Nf6 6. Nc3 d6 7. Be2 Bg7 8. Be3
O-O 9. O-O Bd7 10. Qd2 a6 11. f3 b5 12. Nxc6 Bxc6 13. cxb5 axb5 14. Bxb5 Bxb5
15. Nxb5 Nd7 16. Bd4 e5 17. Be3 Nb6 18. Nxd6 Ra6 19. Rfd1 Qb8 20. Qd3 Ra7 21.
Qb3 Ra6 22. Nc4 Nxc4 23. Qxc4 Re6 24. b4 Rc8 25. Qb3 Rec6 26. Rdc1 Rxc1+ 27.
Rxc1 Rd8 28. a4 Qa8 29. a5 Kh8 30. Qxf7 Qa6 31. Rc7 Rd1+ 32. Kf2 Qf1+ 33. Kg3
Qe1+ 34. Bf2 Rd7 35. Qe8+ Bf8 36. Qxf8# {Black checkmated} 1-0

[Event "Team 45 45 League T50"]
[Site "Internet Chess Club"]
[Date "2011.09.17"]
[Round "5"]
[White "IanT"]
[Black "kingsrook"]
[Result "1-0"]
[WhiteElo "1391"]
[BlackElo "1314"]
[Opening "Caro-Kann: Panov-Botvinnik attack, 5...e6"]
[ECO "B14"]
[Time "22:00:19"]
[TimeControl "2700+45"]

1. e4 c6 2. d4 d5 3. exd5 cxd5 4. c4 Nf6 5. Nc3 e6 6. Nf3 Nc6 7. Be3 Bd6 8. Be2
O-O 9. O-O a6 10. Qd2 Ng4 11. h3 Nf6 12. Rac1 Qc7 13. Rfd1 Re8 14. Bg5 Ne4 15.
Nxe4 dxe4 16. c5 Be7 17. Bxe7 exf3 18. Bd6 Qd8 19. Bxf3 Qf6 20. Qf4 Qxf4 21.
Bxf4 Nb4 22. a3 Nd5 23. Bd6 Bd7 24. Re1 Rac8 25. Bd1 Bb5 26. Bb3 Nf6 27. Re3 Bc6
28. Rce1 Nd5 29. Bxd5 Bxd5 30. Rg3 Kh8 31. Be5 Rg8 32. h4 Rcd8 33. Bd6 h6 34. f4
Rde8 35. b4 Kh7 36. a4 Bc6 37. a5 Bd5 38. Re5 f6 39. Re1 Bc6 40. Rge3 Bd5 41. f5
e5 42. dxe5 fxe5 43. Rxe5 Rxe5 44. Rxe5 Bc6 45. Re7 Re8 46. f6 Rxe7 47. fxe7 Be8
48. Kf2 Kg6 49. Kf3 Kf5 50. g4+ Ke6 51. Ke4 g6 52. Kd4 Bb5 53. h5 g5 54. Ke4
Bc6+ 55. Kd4 Bb5 56. Be5 Kf7 57. Kd5 Bc6+ 58. Kd6 Bf3 59. Kd7 Bc6+ 60. Kd8 Bb5
61. Bg7 Kxg7 62. e8=Q Bxe8 63. Kxe8 Kf6 64. Kd7 Ke5 65. Kc7 Kf4 66. Kxb7 Kxg4
67. c6 Kh4 68. c7 g4 69. c8=Q g3 70. Qc1 Kxh5 71. Kxa6 g2 72. b5 Kh4 73. b6 Kh3
74. b7 Kh2 75. b8=Q+ {Black resigns} 1-0

[Event "Team 45 45 League T50"]
[Site "Internet Chess Club"]
[Date "2011.09.09"]
[Round "5"]
[White "KidRattler"]
[Black "chips"]
[Result "1/2-1/2"]
[WhiteElo "1249"]
[BlackElo "1174"]
[Opening "Queen's pawn game, Darooha variation "]
[ECO "D02"]
[Time "19:00:29"]
[TimeControl "2700+45"]

1. d4 d5 2. Nf3 Nf6 3. Nc3 e6 4. e3 g6 5. Bd3 Bg7 6. O-O O-O 7. b3 Nc6 8. Bb2 b6
9. Bb5 Bb7 10. Qe2 a6 11. Bxc6 Bxc6 12. Ne5 Bb7 13. Ba3 Re8 14. Rab1 a5 15. Bb2
c6 16. a3 Ba6 17. Nd3 Ne4 18. Qd1 Nd6 19. Re1 Qc8 20. Na4 Rb8 21. g3 Ne4 22. Nc3
Nxc3 23. Bxc3 Bxd3 24. Qxd3 Ra8 25. b4 axb4 26. axb4 Qa6 27. Qxa6 Rxa6 28. Ra1
Rea8 29. Rxa6 Rxa6 30. Ra1 Rxa1+ 31. Bxa1 Bf8 32. c3 b5 33. Kg2 f5 34. Kf3 Kf7
35. h3 Kf6 36. h4 Bd6 37. Kg2 e5 38. f4 e4 39. Kh3 h6 40. g4 fxg4+ 41. Kxg4 h5+
{Game drawn by mutual agreement} 1/2-1/2

[Event "Team 45 45 League T50"]
[Site "Internet Chess Club"]
[Date "2011.09.11"]
[Round "5"]
[White "maliboum"]
[Black "kjs110"]
[Result "1-0"]
[WhiteElo "1238"]
[BlackElo "1069"]
[Opening "Caro-Kann defense"]
[ECO "B15"]
[Time "21:00:10"]
[TimeControl "2700+45"]

1. e4 c6 2. d4 d5 3. Nc3 Nf6 4. e5 Nfd7 5. e6 fxe6 6. Bd3 Nf6 7. Bg5 g6 8. h4
Nbd7 9. Nf3 Bg7 10. Qe2 Nf8 11. Ne5 N6d7 12. h5 Nxe5 13. dxe5 h6 14. Bd2 g5 15.
f4 gxf4 16. Bxf4 Kd7 17. O-O-O Qe8 18. Na4 b6 19. c4 Qf7 20. Rhf1 Ba6 21. cxd5
Bxd3 22. dxc6+ Kxc6 23. Qxd3 Qxh5 24. Qe4+ Kb5 25. Nc3+ Kc5 26. Be3# {Black
checkmated} 1-0

[Event "Team 45 45 League T50"]
[Site "Internet Chess Club"]
[Date "2011.09.12"]
[Round "5"]
[White "otib2006"]
[Black "PsyMar"]
[Result "1-0"]
[WhiteElo "1300"]
[BlackElo "1333"]
[Opening "Alekhine's defense"]
[ECO "B02"]
[Time "17:01:54"]
[TimeControl "2700+45"]

1. e4 Nf6 2. e5 Nd5 3. Bc4 Nb6 4. Bb3 e6 5. Nf3 d6 6. O-O Nc6 7. d4 dxe5 8. dxe5
Qxd1 9. Rxd1 Bd7 10. Bg5 Be7 11. Nc3 Bxg5 12. Nxg5 Nxe5 13. f4 Nc6 14. Nb5 O-O-O
15. Nxf7 Na5 16. Nc3 Rhf8 17. Nxd8 Rxd8 18. Ne4 Rf8 19. Nc5 Rxf4 20. Nxd7 Nxd7
21. Bxe6 {Black resigns} 1-0

[Event "Team 45 45 League T50"]
[Site "Internet Chess Club"]
[Date "2011.09.12"]
[Round "5"]
[White "Skylab"]
[Black "malihini"]
[Result "0-1"]
[WhiteElo "1293"]
[BlackElo "1199"]
[Opening "Queen's pawn"]
[ECO "A40"]
[Time "20:00:27"]
[TimeControl "2700+45"]

1. d4 c6 2. c4 d6 3. Nc3 Nf6 4. Nf3 Bf5 5. e3 Nbd7 6. h3 e5 7. dxe5 Nxe5 8. Nxe5
dxe5 9. Qxd8+ Rxd8 10. Be2 Ne4 11. Nxe4 Bxe4 12. O-O Bc5 13. f3 Bd3 14. Bxd3
Rxd3 15. Re1 O-O 16. Kh2 Rfd8 17. e4 f6 18. f4 Bf2 19. Re2 Bg3+ 20. Kg1 Rd1+
{White resigns} 0-1

[Event "Team 45 45 League T50"]
[Site "Internet Chess Club"]
[Date "2011.09.10"]
[Round "5"]
[White "semperfi"]
[Black "JimGaming"]
[Result "1-0"]
[WhiteElo "1183"]
[BlackElo "1252"]
[Opening "Queen's pawn: stonewall attack"]
[ECO "A45"]
[Time "16:02:55"]
[TimeControl "2700+45"]

1. d4 Nf6 2. e3 d5 3. Bd3 e6 4. c3 c5 5. f4 c4 6. Bc2 Bd6 7. Nf3 Nc6 8. Nbd2 O-O
9. O-O b5 10. Qe2 a5 11. b3 Ba6 12. bxc4 bxc4 13. Ba4 Ne7 14. Ne5 Qc7 15. g4
Bxe5 16. fxe5 Nd7 17. Rf3 Nb6 18. Bc2 Ng6 19. Qf2 Qe7 20. a4 Bb7 21. Ba3 Qh4 22.
Bxf8 Qxf2+ 23. Rxf2 Nxf8 24. Rb1 Nfd7 25. Nf3 Rf8 26. Rb5 Ra8 27. Ng5 Bc6 28.
Rb1 f5 29. exf6 Nxf6 30. Rxb6 Be8 31. Nxe6 Bg6 32. Bxg6 hxg6 33. Nc7 Rd8 34. h3
Ne4 35. Rg2 Nxc3 36. Rxg6 Rd7 37. Ne6 Kh7 38. Nf8+ {Black resigns} 1-0